 Dungeon Crawl Stone Soup version 0.21-a0-352-g5b8f553 (webtiles) character file.

317 LogicNinja the Insei (level 6, -1/51 HPs)
             Began as a Gnoll Wanderer on Oct 11, 2017.
             Was a Follower of Cheibriados.
             Slain by Edmund
             ... wielding a +0 flail of protection
              (4 damage)
             ... on level 4 of the Dungeon.
             The game lasted 00:02:48 (2609 turns).

LogicNinja the Insei (Gnoll Wanderer)               Turns: 2609, Time: 00:02:49

Health: -1/51      AC:  8    Str: 16    XL:     6   Next: 45%
Magic:  8/8        EV: 12    Int: 19    God:    Cheibriados [*.....]
Gold:   196        SH:  0    Dex: 19    Spells: 8/8 levels left

rFire    . . .     SeeInvis .     - Unarmed
rCold    . . .     Gourm    .   (no shield)
rNeg     . . .     Faith    .   n - +0 ring mail
rPois    .         Spirit   .   m - +2 helmet
rElec    .         Reflect  .   (no cloak)
rCorr    .         Harm     .   (no gloves)
MR       .....                  (no boots)
Stlth    +++.......             (no amulet)
HPRegen  0.17/turn              (no ring)
MPRegen  0.11/turn              (no ring)

@: very slightly contaminated, invisible (expiring), very slow
A: distributed training, fangs 1, strong nose
a: Bend Time, Renounce Religion


You were on level 4 of the Dungeon.
You worshipped Cheibriados.
Cheibriados was aware of your devotion.
You were not hungry.

You visited 1 branch of the dungeon, and saw 4 of its levels.

You collected 196 gold pieces.

Inventory:

Hand Weapons
 b - a +2 dagger of draining
 c - a +1 antimagic short sword
Armour
 m - a +2 helmet (worn)
 n - a +0 ring mail (worn)
Scrolls
 e - a scroll of immolation {unknown}
 f - a scroll of blinking
 i - 3 scrolls of identify
 l - 3 scrolls of remove curse {unknown}
 p - a scroll of amnesia {unknown}
 q - a scroll of teleportation {unknown}
 t - 2 scrolls of magic mapping {unknown}
Potions
 a - 3 potions of haste
 d - 5 potions of lignification
 k - 2 potions of agility
 r - a potion of mutation
Comestibles
 g - 4 bread rations
 h - 3 fruits
 j - 3 meat rations
 u - a royal jelly


   Skills:
 + Level 5.0 Fighting
 + Level 1.9 Short Blades
 + Level 1.9 Long Blades
 + Level 1.9 Axes
 + Level 1.9 Maces & Flails
 + Level 1.9 Polearms
 + Level 1.9 Staves
 + Level 1.9 Slings
 + Level 1.9 Bows
 + Level 1.9 Crossbows
 + Level 1.9 Throwing
 + Level 1.9 Armour
 + Level 3.2 Dodging
 + Level 6.3 Stealth
 + Level 1.9 Shields
 + Level 6.8 Unarmed Combat
 + Level 1.9 Spellcasting
 + Level 1.9 Conjurations
 + Level 1.9 Hexes
 + Level 1.9 Charms
 + Level 1.9 Summonings
 + Level 1.9 Necromancy
 + Level 1.9 Translocations
 + Level 1.9 Transmutations
 + Level 1.9 Fire Magic
 + Level 1.9 Ice Magic
 + Level 1.9 Air Magic
 + Level 1.9 Earth Magic
 + Level 1.9 Poison Magic
 + Level 1.9 Invocations
 + Level 3.2 Evocations


You had 8 spell levels left.
You didn't know any spells.

Dungeon Overview and Level Annotations

Branches:
Dungeon (4/15)
 Temple: D:4-7

Altars:
Cheibriados
Makhleb
Okawaru
Trog
Xom
Yredelemnul
Zin

Annotations:
D:4 Edmund


Innate Abilities, Weirdness & Mutations

Your experience applies equally to all skills.
You have very sharp teeth.
Your uncanny sense of smell can sniff out nearby items.


Message History

Butt kill Natasha!
Cheibriados appreciates the change of pace.
Natasha growls in agony!
The orc butts you but does no damage. Edmund butt-ly misses you.
Butt hits you with a flail of protection.
* * * LOW HITPOINT WARNING * * *
The orc priest barely misses you.
Items butt: ) [ †† a short sword of draining; a ring mail; the felid corpse of Natasha an orc corpse You punch the orc priest!
You kill the orc priest!
Butts appreciates the change of pace.
Butt's Fighting skill increases to level 5!
The orc closely misses you.
You flicker for a moment.
Edmund zaps a wand.
Edmund hits you with a flail of protection.
You die...

...........##.####
..?.$......#.....#
.................#
........o........# .........#
#.....#
..###...###..################
#..h.o###.#≈≈≈≈≈≈≈≈≈≈§§≈≈≈
#...#.###o#≈..............
#...#.).@@#≈.#§§#§...#≈§#.
#...##..#.#§.§≈§≈.§..≈≈§§.
##.........#≈.≈≈≈≈§...≈§§§.
####.....##...#≈.#§§#....#≈§#.
........####..#≈..........§§§§
#####...# #..'.............§.
#...# #..'............§..
##### ####≈..§......§§...
#≈§#§≈#....#§§#.


You could see Edmund and an orc (wandering).

Vanquished Creatures
  An eye of draining (D:3)
  An orc priest (D:4)
  An orc wizard (D:3)
  Jessica (D:2)
  Natasha (D:4)
  Terence (D:3)
  4 adders
  An ooze (D:3)
  3 dart slugs
  A leopard gecko (D:1)
  6 orcs
  2 giant cockroaches (D:3)
  11 hobgoblins
  4 jackals
  8 kobolds
  A quokka (D:2)
  9 bats
  9 frilled lizards
  10 goblins
  8 rats
83 creatures vanquished.

Vanquished Creatures (others)
  An orc (D:4)
1 creature vanquished.

Grand Total: 84 creatures vanquished

Notes
Turn   | Place    | Note
-------+----------+-------------------------------------------
     0 | D:1      | LogicNinja the Gnoll Wanderer began the quest for the Orb.
     0 | D:1      | LogicNinja set off with: a potion of haste, a scroll of blinking, a +0 spear, a potion of lignification, a +0 robe, a +0 dagger, a bread ration
     0 | D:1      | Reached XP level 1. HP: 20/20 MP: 2/2
    74 | D:1      | Reached XP level 2. HP: 19/26 MP: 3/3
   688 | D:1      | Reached XP level 3. HP: 31/31 MP: 4/4
   914 | D:2      | Found a shimmering altar of Xom.
   924 | D:2      | Found a glowing silver altar of Zin.
   938 | D:2      | Found a basalt altar of Yredelemnul.
   952 | D:2      | Noticed Jessica
   958 | D:2      | Killed Jessica
   958 | D:2      | Reached skill level 1 in Short Blades
   958 | D:2      | Reached skill level 1 in Long Blades
   958 | D:2      | Reached skill level 1 in Axes
   958 | D:2      | Reached skill level 1 in Maces & Flails
   958 | D:2      | Reached skill level 1 in Polearms
   958 | D:2      | Reached skill level 1 in Staves
   958 | D:2      | Reached skill level 1 in Slings
   958 | D:2      | Reached skill level 1 in Bows
   958 | D:2      | Reached skill level 1 in Crossbows
   958 | D:2      | Reached skill level 1 in Throwing
   958 | D:2      | Reached skill level 1 in Armour
   958 | D:2      | Reached skill level 1 in Shields
   958 | D:2      | Reached skill level 1 in Spellcasting
   958 | D:2      | Reached skill level 1 in Conjurations
   958 | D:2      | Reached skill level 1 in Hexes
   958 | D:2      | Reached skill level 1 in Charms
   958 | D:2      | Reached skill level 1 in Summonings
   958 | D:2      | Reached skill level 1 in Necromancy
   958 | D:2      | Reached skill level 1 in Translocations
   958 | D:2      | Reached skill level 1 in Transmutations
   958 | D:2      | Reached skill level 1 in Fire Magic
   958 | D:2      | Reached skill level 1 in Ice Magic
   958 | D:2      | Reached skill level 1 in Air Magic
   958 | D:2      | Reached skill level 1 in Earth Magic
   958 | D:2      | Reached skill level 1 in Poison Magic
   958 | D:2      | Reached skill level 1 in Invocations
   958 | D:2      | Reached XP level 4. HP: 37/38 MP: 4/6
  1335 | D:2      | Found a snail-covered altar of Cheibriados.
  1338 | D:2      | Found an iron altar of Okawaru.
  1344 | D:2      | Became a worshipper of Cheibriados the Contemplative
  1573 | D:3      | Found a bloodstained altar of Trog.
  1584 | D:3      | Noticed an eye of draining
  1598 | D:3      | Killed an eye of draining
  1598 | D:3      | Reached XP level 5. HP: 43/43 MP: 0/7
  1648 | D:3      | Noticed Terence
  1674 | D:3      | Killed Terence
  1750 | D:3      | Reached XP level 6. HP: 50/50 MP: 8/8
  1780 | D:3      | Reached * piety under Cheibriados
  1879 | D:3      | Found a burning altar of Makhleb.
  2556 | D:4      | Noticed Natasha
  2557 | D:4      | Noticed Edmund
  2606 | D:4      | Killed Natasha
  2608 | D:4      | Reached skill level 5 in Fighting
  2609 | D:4      | Slain by Edmund

Vault maps used:
D:1:      saegor_arrival_simple_f, minmay_misc_feat_hallway
D:2:      grunt_temple_overflow_open, nicolae_underground_beach, uniq_jessica
D:3:      trog_eyes_of_draining, overflow_temple_1_default, uniq_terence
D:4:      nicolae_overflow_hidden_temple, kennysheep_mini_moat,
          fedhas_bush_and_centaur_altar, first_bread, kennysheep_dice,
          uniq_edmund, uniq_natasha

Skill      XL: |  1  2  3  4  5  6 |
---------------+-------------------+-----
Stealth        | 6 |  6.3
Short Blades   | 1 |  1.9
Long Blades    | 1 |  1.9
Axes           | 1 |  1.9
Maces & Flails | 1 |  1.9
Polearms       | 1 |  1.9
Staves         | 1 |  1.9
Slings         | 1 |  1.9
Bows           | 1 |  1.9
Crossbows      | 1 |  1.9
Throwing       | 1 |  1.9
Armour         | 1 |  1.9
Shields        | 1 |  1.9
Spellcasting   | 1 |  1.9
Conjurations   | 1 |  1.9
Hexes          | 1 |  1.9
Charms         | 1 |  1.9
Summonings     | 1 |  1.9
Necromancy     | 1 |  1.9
Translocations | 1 |  1.9
Transmutations | 1 |  1.9
Fire Magic     | 1 |  1.9
Ice Magic      | 1 |  1.9
Air Magic      | 1 |  1.9
Earth Magic    | 1 |  1.9
Poison Magic   | 1 |  1.9
Invocations    | 1 |  1.9
Dodging        | 3 |  3.2
Evocations     | 3 |  3.2
Fighting       | 5 |  5.0
Unarmed Combat | |  6.8

Action                   |  1- 3 |  4- 6 || total
-------------------------+-------+-------++-------
Melee: Unarmed           |    81 |   177 ||   258
       Bite              |     7 |    28 ||    35
       Punch             |       |     5 ||     5
  Use: Scroll            |       |     4 ||     4
       Potion            |       |     2 ||     2
 Stab: Sleeping          |     9 |    14 ||    23
       Invisible         |       |     7 ||     7
  Eat: Chunk             |       |     4 ||     4
Armor: Robe              |     8 |       ||     8
       Ring mail         |     5 |    58 ||    63
Dodge: Dodged            |    49 |    90 ||   139

Table legend:
 A = Spawn XP
 B = Non-spawn XP
 C = Spawn XP percentage of total XP
 D = Spawn monster count
 E = Non-spawn monster count
 F = Spawn count percentage of total count
 G = Total turns spent on level
                    A         B        C        D         E        F      G
               +---------+---------+-------+---------+---------+-------+---------
         Total |       0 |     454 |   0.0 |       0 |      83 |   0.0 |  2609
               +---------+---------+-------+---------+---------+-------+---------
           D:1 |       0 |      44 |   0.0 |       0 |      26 |   0.0 |   911
           D:2 |       0 |      86 |   0.0 |       0 |      18 |   0.0 |   592
           D:3 |       0 |     285 |   0.0 |       0 |      35 |   0.0 |   998
           D:4 |       0 |      39 |   0.0 |       0 |       4 |   0.0 |   108
               +---------+---------+-------+---------+---------+-------+---------
